 Dungeon Crawl Stone Soup version 0.31-a0-117-g42d8f58691 (webtiles) character file.

Game seed: 95417029945297859

2 MackTheKnife the Cutter (level 1, 0/11 HPs)
             Began as a Vine Stalker Berserker on May 30, 2023.
             Was a Follower of Trog.
             Slain by a worm (3 damage)
             ... on level 3 of the Dungeon.
             The game lasted 00:00:29 (106 turns).

MackTheKnife the Cutter (Vine Stalker Berserker)     Turns: 106, Time: 00:00:29

Health: 0/11       AC:  5    Str: 19    XL:     1   Next: 30%
Magic:  0/2        EV: 11    Int:  7    God:    Trog [*.....]
Gold:   0          SH:  0    Dex: 13    Spells: 0/0 levels left

rFire   . . .        a - +0 short sword {short}
rCold   . . .        (no shield)
rNeg    . . .        d - +0 ring mail
rPois   .            (no helmet)
rElec   .            (no cloak)
rCorr   .            (no gloves)
SInv    .            (no boots)
Will    .....        (no amulet)
Stlth   +            (no ring)
HPRegen 0.21/turn    (no ring)
MPRegen 0.08/turn

%: guardian spirit
@: no status effects
A: fangs 2, magic shield, antimagic bite, no potion heal 2
a: Renounce Religion, Berserk


You were on level 3 of the Dungeon.
You worshipped Trog.
Trog was aware of your devotion.
You visited 1 branch of the dungeon, and saw 3 of its levels.


Innate Abilities, Weirdness & Mutations

You have extremely sharp teeth.
When hurt, damage is shared between your health and your magic reserves.
Your bite disrupts and absorbs the magic of your enemies.
Potions cannot restore your health.


   Skills:
 - Level 2.6 Fighting
 + Level 2.8 Short Blades
 - Level 1.5 Armour
 - Level 1.5 Dodging


You couldn't memorise any spells.
You didn't know any spells.
Your spell library contained the following spells:

 Spells                   Type           Power      Damage    Failure   Level
 Poisonous Vapours        Pois/Air       0%         N/A       77%         2
 Mephitic Cloud           Conj/Pois/Air  0%         N/A       94%         3
 Freezing Cloud           Conj/Ice/Air   0%         6-21      100%        5

Inventory:

Hand Weapons
 a - a +0 short sword (weapon) {short}
Armour
 d - a +0 ring mail (worn)
   (You found it on level 1 of the Dungeon)
Scrolls
 c - a scroll of vulnerability {unknown}

Dungeon Overview and Level Annotations

Branches:
Dungeon (3/15) Zot: 17888

Altars:

.. ... ....
....######
.........#
.........#
.......w.##
.......@..#
..####....#
#..<.#
#....#
#....#
#....#
#....#
#....#
#....#


You could see a worm.


Message History

Ran out of altars for temple! x3 🤖 Initializing magus.rc ...
Options error: Delay interrupt name "hungry" not recognised. (~/.crawlrc:4768) Bad monster_list_colour key: strict_neutral Bad channel name 'pray' for runrest: 'pray:' Options error: Missing colour in message_colour setting: 'that.*feels deathly cold' Options error: Missing colour in message_colour setting: 'and you must be Full or above to equip it' Options error: Missing colour in message_colour setting: 'but rights himself reflexively soon after' Options error: Missing colour in message_colour setting: 'before it is too late' ✅ Successfully initialized magus.rc [v1.9.6] Welcome, MackTheKnife the Vine Stalker Berserker.
Everyone else who sought the Orb of Zot has failed.
Will you be different?
Trog says: Kill them all!
Press ? for a list of commands and other information.
Found a staircase leading out of the dungeon.
You enter the shallow water.
Moving in this stuff is going to be slow.
Found an escape hatch in the floor.
Why would you want to do that? Why would you want to do that?
c - a scroll labelled OGOETZ SIOSHROA You open the door.
There is an open door here.
Found a stone staircase leading down.
You see here a +0 ring mail.
d - a +0 ring mail
Okay, then.
You start removing your armour.
You continue taking off your +0 animal skin. x4
You finish taking off your +0 animal skin.
You start putting on your armour.
You continue putting on your +0 ring mail. x5
You finish putting on your +0 ring mail.
You drop a +0 animal skin.
A rat and a goblin come into view.
The goblin closely misses you.
You closely miss the goblin. Your bite misses the goblin.
The goblin hits you with a +0 club. 😕 HP[-1] MP[-1]
You take 1 damage, and now have 10/11 hp.
You lost 1 mp, and now have 1/2 mp.
You closely miss the goblin. You bite the goblin, but do no damage.
The goblin misses you.
You closely miss the goblin. You bite the goblin. You drain its power.
You feel invigorated. The rat misses you.
The goblin hits you but does no damage. 😎 HP[+1] MP[+1]
Your hp is fully restored (11).
Your mp is fully restored (2).
You hit the goblin.
You kill the goblin!
Trog accepts your kill. The rat barely misses you.
You closely miss the rat. Your bite misses the rat. The rat barely misses you.
You hit the rat.
You kill the rat!
Trog accepts your kill.
No target in view!
No target in view!
There is a stone staircase leading down here.
You see here a rat corpse.
You climb downwards.
There is a stone staircase leading up here.
Found a stone staircase leading down.
You pick up a book of Vapours {forbidden} and begin reading...
You add the spells Poisonous Vapours, Mephitic Cloud and Freezing Cloud to your library.
There is a stone staircase leading down here.
You climb downwards.
There is a stone staircase leading up here.
You hit the worm. You bite the worm. You drain its power.
You barely miss the worm. You bite the worm. You drain its power.
The worm bites you!
Ouch! That really hurt!
* * * LOW HITPOINT WARNING * * *
😨 HP[-6] MP[-1]
You take 6 damage, and now have 5/11 hp.
MASSIVE DAMAGE!! (PAUSE)
You lost 1 mp, and now have 1/2 mp.
You hit the worm. You hit the worm but do no damage. You bite the worm.
You drain its power.
You feel invigorated. The worm bites you.
* * * LOW HITPOINT WARNING * * *
😱 HP[-3]
You take 3 damage, and now have 2/11 hp.
MASSIVE DAMAGE!! (PAUSE)
You hit the worm.
The worm barely misses you. 😨 HP[+1] Unknown command.
You barely miss the worm. You bite the worm. You drain its power.
You feel invigorated. 😨 MP[+1]
Your mp is fully restored (2).
Unknown command.
You completely miss the worm. The worm bites you.
You die...

Action                     || total
---------------------------++-------
  Melee: Short sword       ||    13
         Bite              ||     6
 Armour: Ring mail         ||     1
  Dodge: Dodged            ||     6

Levels and vault maps discovered:
D:1:      zaba_arrival_water, layout_loops_ring,
          hellmonk_ecumenical_altar_lost_god, serial_bayou_lake_a
D:2:      layout_basic, minmay_misc_feat_more_columns
D:3:      layout_basic, uniq_robin, uniq_jessica, uniq_grinder,
          uniq_crazy_yiuf_cottage

Notes
Turn   | Place    | Note
-------+----------+-------------------------------------------
     0 | D:1      | MackTheKnife the Vine Stalker Berserker began the quest for
                  | the Orb.
     0 | D:1      | Reached XP level 1. HP: 11/11 MP: 2/2
     0 | D:1      | magus.rc [v1.9.6]
    89 | D:2      | You pick up a book of Vapours {forbidden} and begin
                  | reading...
    89 | D:2      | You add the spells Poisonous Vapours, Mephitic Cloud and
                  | Freezing Cloud to your library.
   103 | D:3      | HP: 2/11 [worm (3)]
   106 | D:3      | Slain by a worm

Vanquished Creatures
  A goblin (D:1)
  A rat (D:1)
2 creatures vanquished.

Table legend:
 A = Non-vault XP
 B = Vault XP
 C = Vault XP percentage of total XP
 D = Non-vault monster count
 E = Vault monster count
 F = Vault count percentage of total count
                 A         B        C        D         E       F
            +---------+---------+-------+---------+---------+-------
      Total |       3 |       0 |   0.0 |       2 |       0 |   0.0
            +---------+---------+-------+---------+---------+-------
        D:1 |       3 |       0 |   0.0 |       2 |       0 |   0.0
            +---------+---------+-------+---------+---------+-------

Action                     || total
---------------------------++-------
  Melee: Short sword       ||    13
         Bite              ||     6
 Armour: Ring mail         ||     1
  Dodge: Dodged            ||     6

Illustrated notes

Table legend:
 A = Kills in this place as a percentage of kills in the entire game.
 B = Kills by you in this place as a percentage of kills by you in the entire game.
 C = Kills by friends in this place as a percentage of kills by friends in the entire game.
 D = Other kills in this place as a percentage of other kills in the entire game.
 E = Experience gained in this place as a percentage of experience gained in the entire game.
 F = Experience gained in this place divided by the number of levels of this place that you have seen.
                   A       B       C       D       E      F
               +-------+-------+-------+-------+-------+----------------------
         Total | 100.0 | 100.0 |   N/A |   N/A | 100.0 |   1.0
       Dungeon | 100.0 | 100.0 |   N/A |   N/A | 100.0 |   1.0
               +-------+-------+-------+-------+-------+----------------------

Table legend: (Time is in decaauts)
 A = Elapsed time spent in this place.
 B = Non-inter-level travel time spent in this place.
 C = Inter-level travel time spent in this place.
 D = Time resting spent in this place.
 E = Time spent auto-exploring this place.
 F = Levels seen in this place.
 G = Mean time per level.
                   A        B        C        D        E       F      G
               +--------+--------+--------+--------+--------+-----+--------+
         Total |    110 |    110 |      0 |      0 |      0 |   3 |   36.7 |
       Dungeon |    110 |    110 |      0 |      0 |      0 |   3 |   36.7 |
               +--------+--------+--------+--------+--------+-----+--------+

Top non-repeatable levels by time:
     D:1: 85 daAuts
     D:2: 16 daAuts
     D:3: 8 daAuts
